 Dungeon Crawl Stone Soup version 0.29.1-1-gd02db6906a (webtiles) character file.

Game seed: 4621787705357249230

1085740 Ashen the Cryomancer (level 27, 0/264 (284) HPs)
             Began as a Demonspawn Ice Elementalist on Oct 5, 2022.
             Was the Champion of Makhleb.
             Slain by a tentacled starspawn (9 damage)
             ... on level 4 of the Abyss on Oct 8, 2022.
             The game lasted 12:06:17 (134443 turns).

Ashen the Cryomancer (DsIE)                       Turns: 134443, Time: 12:06:18

HP:   0/264 (284)   AC:  9    Str:  2 (17) XL:     27
MP:   49/49         EV: 21    Int: -7 (35) God:    Makhleb [******]
Gold: 9596          SH:  5    Dex:  8 (15) Spells: 2/70 levels left

rFire   + + +      SeeInvis +   e - +2 falchion of Ixiukhle {freeze, Drain +Blink Str+3}
rCold   + + +      Faith    .   (no shield)
rNeg    . . .      Spirit   .   w - +4 skin of Zhor {*Englaciate rC+++ SInv}
rPois   +          Reflect  +   U - -2 hat "Zouggaol" {Str+2}
rElec   +          Harm     .   n - scarf {repulsion}
rCorr   +          Rampage  .   (gloves unavailable)
Will    +++..      Clarity  +   g - +0 pair of boots of the Ecumenical Temple {rElec rF++}
Stlth   ++........              M - amulet "Susep" {Reflect Will+ Int+3 SH+5}
HPRegen 0.00/turn               h - +6 ring of intelligence
MPRegen 0.31/turn               r - ring of wizardry

@: agile, resistant, sick, inhibited regen, hasted and slowed, lost strength,
lost intelligence, drained, repel missiles, unable to read
A: claws 3, thin metallic scales 3, powered by pain 3, robust 3, spiny 3,
antennae 1, hooves 1, clarity, strong 1, subdued magic 1, MP-powered wands,
[dopey 1]
}: 11/15 runes: decaying, slimy, silver, golden, abyssal, demonic, glowing,
magical, fiery, dark, gossamer
a: Renounce Religion, Evoke Blink, Minor Destruction, Lesser Servant of Makhleb,
Major Destruction, Greater Servant of Makhleb


You were on level 4 of the Abyss.
You worshipped Makhleb.
Makhleb was exalted by your worship.
You visited 17 branches of the dungeon, and saw 69 of its levels.
You visited Pandemonium 3 times, and saw 13 of its levels.
You visited the Abyss 11 times.
You visited 1 ziggurat, and saw 5 of its levels.
You also visited: Bailey and Ice Cave.

You collected 15398 gold pieces.
You spent 5802 gold pieces at shops.

Inventory:

Hand Weapons
 e - the +2 falchion of Ixiukhle (weapon) {freeze, Drain +Blink Str+3}
   (You took it off a deep elf demonologist on level 5 of the Vaults)

   It freezes those it strikes, dealing additional cold damage.
   It can also slow down cold-blooded creatures.
   Str:       It affects your strength (+3).
   +Blink:    It lets you blink.
   Drain:     It drains your maximum health when unequipped.
 i - the +9 short sword of Ovvel {freeze, *Noise rCorr Int+3 SInv}
   (You found it on level 9 of the Dungeon)

   It freezes those it strikes, dealing additional cold damage.
   It can also slow down cold-blooded creatures.
   Int:       It affects your intelligence (+3).
   SInv:      It lets you see invisible.
   *Noise:    It may make noises in combat.
   rCorr:     It protects you from acid and corrosion.
 z - the +9 staff of Olgreb {rPois∞}
   (You found it on level 3 of a ziggurat)

   If the wielder is skilled in Evocations, they can envenom those struck by it,
   dealing poison damage which bypasses armour.
   It enhances your poison magic.
   It grants immunity to poison.
   It can be activated via the 'a'bility menu to radiate toxic energy, with
   effectiveness depending on Evocations skill.
 T - the +8 arc blade {discharge, rElec}
   (You found it on level 5 of the Lair of Beasts)

   It occasionally unleashes powerful arcs of lightning upon striking a foe.
   These may arc to other adjacent creatures (including the wielder, but dealing
   reduced damage to them) before grounding out.
   rElec:     It insulates you from electricity.
Missiles
 c - 22 javelins (quivered)
 u - 7 silver javelins
Armour
 b - an orb of energy
 g - the +0 pair of boots of the Ecumenical Temple (worn) {rElec rF++}
   (You found it on level 3 of the Elven Halls)

   rF:        It greatly protects you from fire.
   rElec:     It insulates you from electricity.
 j - the +0 hat "Nyciock" {+Blink}
   (You found it on level 3 of the Depths)

   +Blink:    It lets you blink.
 n - a scarf of repulsion (worn)
 p - a scarf of resistance
 w - the +4 skin of Zhor (worn) {*Englaciate rC+++ SInv}
   (You found it on level 5 of the Pits of Slime)

   It radiates cold, occasionally slowing all nearby creatures who are not
   resistant to cold.
   rC:        It renders you almost immune to cold.
   SInv:      It lets you see invisible.
 U - the -2 hat "Zouggaol" (worn) {Str+2}
   (You found it on level 2 of the Vaults)

   Str:       It affects your strength (+2).
Magical Staves
 y - a staff of cold
 O - a staff of conjuration
Jewellery
 h - a +6 ring of intelligence (left claw)
 r - a ring of wizardry (right claw)
 s - the ring "Woosuahu" {+Blink rF+ Will+ EV+4 Str-2 Stlth+}
   (You took it off a deep elf pyromancer on level 3 of the Elven Halls)

   [ring of evasion]

   EV:        It affects your evasion (+4).
   Str:       It affects your strength (-2).
   rF:        It protects you from fire.
   +Blink:    It lets you blink.
   Will:      It increases your willpower.
   Stlth:     It makes you more stealthy.
 C - an amulet of magic regeneration
 E - the ring "Zestrudack" {Fly rC+ Int+3 SInv}
   (You found it on level 2 of the Elven Halls)

   [ring of flight]

   Int:       It affects your intelligence (+3).
   rC:        It protects you from cold.
   SInv:      It lets you see invisible.
   Fly:       It grants you flight.
 M - the amulet "Susep" (around neck) {Reflect Will+ Int+3 SH+5}
   (You found it on level 3 of the Elven Halls)

   [amulet of reflection]

   It reflects blocked missile attacks.
   Int:       It affects your intelligence (+3).
   SH:        It affects your SH (+5).
   Will:      It increases your willpower.
 V - an amulet of regeneration
Wands
 q - a wand of flame (98)
 x - a wand of digging (14)
 A - a wand of mindburst (18)
 F - a wand of paralysis (70)
 J - a wand of iceblast (1)
 P - a wand of polymorph (12)
 W - a wand of light (31)
Scrolls
 a - 4 scrolls of summoning
 m - a scroll of silence
 t - a scroll of magic mapping
 B - 11 scrolls of vulnerability
 G - 17 scrolls of teleportation
 H - 12 scrolls of fear
 I - 4 scrolls of butterflies
 Q - 12 scrolls of immolation
 X - 5 scrolls of torment
Potions
 f - 20 potions of mutation
 l - 10 potions of haste
 o - a potion of flight
 v - 9 potions of lignification
 L - 7 potions of brilliance
 R - 11 potions of resistance
Miscellaneous
 k - a phial of floods (inert)
 D - a box of beasts (inert)
 K - the horn of Geryon (inert)
 N - a lightning rod (inert)
 S - a phantom mirror (inert)
 Y - a condenser vane (inert)


   Skills:
 + Level 18.4 Fighting
 - Level 12.0 Staves
 - Level 4.0 Throwing
 + Level 17.4 Dodging
 - Level 5.0 Stealth
 - Level 12.6 Shields
 - Level 22.0 Spellcasting
 - Level 22.0 Conjurations
 - Level 15.0 Necromancy
 - Level 15.0 Transmutations
 - Level 22.0 Fire Magic
 * Level 22.1 Ice Magic
 - Level 16.0 Earth Magic
 + Level 18.6 Evocations


You had 2 spell levels left.
You knew the following spells:

 Your Spells              Type           Power      Damage    Failure   Level
a - Polar Vortex          Ice            0%         N/A       32%         9
b - Fire Storm            Conj/Fire      0%         5d1       32%         9
c - Ozocubu's Armour      Ice            0%         N/A       0%          3
d - Necromutation         Tmut/Necr      0%         N/A       36%         8
e - Ignition              Fire           0%         3d3       1%          8
f - Ozocubu's Refrigerat  Ice            0%         4d7       1%          7
g - Orb of Destruction    Conj           0%         9d5       1%          7
h - Lehudib's Crystal Sp  Conj/Erth      0%         10d2      8%          8
i - Death's Door          Necr           0%         N/A       99%         9

Your spell library contained the following spells:

 Spells                   Type           Power      Damage    Failure   Level
 Beastly Appendage        Tmut           0%         N/A       0%          1
 Foxfire                  Conj/Fire      0%         2x1d4     0%          1
 Freeze                   Ice            0%         1d3       0%          1
 Magic Dart               Conj           0%         1d3       0%          1
 Necrotise                Necr           0%         1d4       0%          1
 Scorch                   Fire           0%         2d5       0%          2
 Sublimation of Blood     Necr           0%         N/A       0%          2
 Wereblood                Tmut           0%         N/A       0%          2
 Shock                    Conj/Air       0%         1d3       1%          1
 Static Discharge         Conj/Air       0%         3-3/arc   1%          2
 Apportation              Tloc           0%         N/A       2%          1
 Summon Small Mammal      Summ           0%         N/A       2%          1
 Blink                    Tloc           0%         N/A       4%          2
 Call Imp                 Summ           0%         N/A       4%          2
 Poisonous Vapours        Pois/Air       0%         N/A       4%          2
 Conjure Flame            Conj/Fire      0%         6-21      0%          3
 Frozen Ramparts          Ice            0%         1d1       0%          3
 Stone Arrow              Conj/Erth      0%         3d7       0%          3
 Flame Wave               Conj/Fire      0%         2d4       0%          4
 Hailstorm                Conj/Ice       0%         3d3       0%          4
 Ice Form                 Ice/Tmut       0%         N/A       0%          4
 Sticky Flame             Conj/Fire      0%         2d3       0%          4
 Fireball                 Conj/Fire      0%         3d3       0%          5
 Iskenderun's Battlesphe  Conj           0%         2d6       0%          5
 Dazzling Flash           Conj/Hex       0%         N/A       1%          3
 Ignite Poison            Fire/Tmut/Pois 0%         N/A       1%          3
 Inner Flame              Hex/Fire       0%         N/A       1%          3
 Mephitic Cloud           Conj/Pois/Air  0%         N/A       1%          3
 Spider Form              Tmut/Pois      0%         N/A       1%          3
 Animate Armour           Summ/Erth      0%         N/A       1%          4
 Dispel Undead            Necr           0%         3d6       1%          4
 Fulminant Prism          Conj/Hex       0%         3d6       1%          4
 Iskenderun's Mystic Bla  Conj/Tloc      0%         2d3       1%          4
 Leda's Liquefaction      Hex/Erth       0%         N/A       1%          4
 Blade Hands              Tmut           0%         N/A       1%          5
 Borgnjor's Vile Clutch   Necr/Erth      0%         N/A       1%          5
 Freezing Cloud           Conj/Ice/Air   0%         6-21      1%          5
 Lee's Rapid Deconstruct  Erth           0%         3d5*      1%          5
 Metabolic Englaciation   Hex/Ice        0%         N/A       1%          5
 Death Channel            Necr           0%         N/A       1%          6
 Iron Shot                Conj/Erth      0%         9d1       1%          6
 Simulacrum               Ice/Necr       0%         N/A       1%          6
 Starburst                Conj/Fire      0%         6d3       1%          6
 Statue Form              Tmut/Erth      0%         N/A       1%          6
 Corpse Rot               Necr/Pois/Air  0%         N/A       3%          4
 Alistair's Intoxication  Tmut/Pois      0%         N/A       3%          5
 Yara's Violent Unravell  Hex/Tmut       0%         3d3       3%          5
 Conjure Ball Lightning   Conj/Air       0%         3x3d6     4%          6
 Dragon Form              Tmut           0%         N/A       4%          7
 Call Canine Familiar     Summ           0%         N/A       9%          3
 Gell's Gravitas          Tloc           0%         N/A       9%          3
 Lesser Beckoning         Tloc           0%         N/A       9%          3
 Portal Projectile        Hex/Tloc       0%         N/A       9%          3
 Summon Guardian Golem    Hex/Summ       0%         N/A       9%          3
 Swiftness                Air            0%         N/A       9%          3
 Teleport Other           Tloc           0%         N/A       9%          3
 Tukima's Dance           Hex            0%         N/A       9%          3
 Eringya's Noxious Bog    Tmut/Pois      0%         N/A       21%         6
 Airstrike                Air            0%         2d(0-16)  26%         4
 Cause Fear               Hex            0%         N/A       26%         4
 Olgreb's Toxic Radiance  Pois           0%         N/A       26%         4
 Passage of Golubria      Tloc           0%         N/A       26%         4
 Summon Lightning Spire   Summ/Air       0%         N/A       26%         4
 Spellforged Servitor     Conj/Summ      0%         N/A       26%         7
 Borgnjor's Revivificati  Necr           0%         N/A       36%         8
 Infestation              Necr           0%         N/A       36%         8
 Manifold Assault         Tloc           0%         N/A       58%         5
 Silence                  Hex/Air        0%         N/A       58%         5
 Summon Forest            Summ/Tloc      0%         N/A       58%         5
 Summon Mana Viper        Hex/Summ       0%         N/A       58%         5
 Storm Form               Tmut/Air       0%         N/A       71%         7
 Dispersal                Tloc           0%         N/A       98%         6
 Summon Cactus Giant      Summ           0%         N/A       98%         6
 Summon Hydra             Summ           0%         N/A       100%        7
 Discord                  Hex            0%         N/A       100%        8
 Disjunction              Tloc           0%         N/A       100%        8
 Maxwell's Capacitive Co  Air            0%         ∞         100%        8
 Chain Lightning          Conj/Air       0%         N/A       100%        9
 Dragon's Call            Summ           0%         N/A       100%        9


Dungeon Overview and Level Annotations

Branches:
Dungeon (15/15)            Temple (1/1) D:6            Lair (5/5) D:9
  Swamp (4/4) Lair:2       Spider (4/4) Lair:3        Slime (5/5) Lair:4
    Orc (2/2) D:9             Elf (3/3) Orc:2        Vaults (5/5) D:14
  Crypt (3/3) Vaults:2       Tomb (3/3) Crypt:3      Depths (4/4) D:15
   Hell (visited)             Dis (2/7) Hell            Geh (7/7) Hell
    Coc (3/7) Hell            Tar (2/7) Hell            Zot (0/5) Depths:4
 Bailey (visited)           IceCv (visited)

Altars:
Ashenzari
Cheibriados
Dithmenos
Fedhas
Gozag
Hepliaklqana
Kikubaaqudgha
Makhleb
Nemelex Xobeh
Okawaru
Qazlal
Ru
Sif Muna
Trog
Uskayaw
Vehumet
Wu Jian
Xom
Yredelemnul
Jiyva

Shops:
D:9 [   D:12 (?**(   D:14 =   Orc:1 (:   Orc:2 !(=[[   Elf:1 (*::[   Vaults:1 *
Vaults:4 *   Depths:1 [

Portals:
Hell: Depths:1 Depths:2 Depths:3 Depths:4
Abyss: Depths:3 Depths:4
Pandemonium: Depths:2
Ziggurat:
Hell
Trove: D:11 (give 2 scrolls of acquirement)

Annotations:
Depths:2 Vv
Geh:7 Serpent of Hell


Innate Abilities, Weirdness & Mutations

You have claws for hands.
You are completely covered in thin metallic scales. (AC +4, rElec)
You are powered by pain.
You are extremely robust. (+30% HP)
You are completely covered in sharp spines.
You have a pair of small antennae on your head.
You have large cloven feet.
You possess an exceptional clarity of mind.
Your muscles are strong. (Str +4, Int/Dex -1)
Your spells are a little easier to cast, but a little less powerful.
You expend magic power (3 MP) to strengthen your wands.
[You are dopey. (Int -2)]


Message History

The will-o-the-wisp gives a chilling moan.
You feel better.
You feel a little less mighty now.
The will-o-the-wisp gestures.
The will-o-the-wisp conjures some foxfire!
Tentacles burst from the starspawn's body!
The large abomination misses you. 2 foxfires and 2 starspawn tentacles come into view.
You hit the large abomination but do no damage.
The large abomination is severely damaged.
You radiate an aura of cold.
The foxfire resists.
The large abomination resists.
The will-o-the-wisp is unaffected.
The tentacled starspawn resists.
The starspawn tentacle is unaffected.
The foxfire resists.
The starspawn tentacle is unaffected.
The ancient zyme seems to slow down.
The foxfire hits you. You resist.
The will-o-the-wisp barely misses you. x2
The large abomination barely misses you.
You feel yourself speed up.
The will-o-the-wisp is struck by your spines.
The will-o-the-wisp engulfs you.
A small abomination comes into view.
The tentacled starspawn is struck by your spines.
The tentacled starspawn completely misses you.
The tentacled starspawn tentacle-slaps you!!
* * * LOW HITPOINT WARNING * * *
You focus on the pain.
You feel your power returning. The large abomination hits you!!
* * * LOW HITPOINT WARNING * * *
You focus on the pain.
You feel agile all of a sudden.
The will-o-the-wisp gestures.
The will-o-the-wisp conjures some foxfire!
You feel ill. 2 foxfires come into view.
You feel protected.
The tentacled starspawn is struck by your spines.
The tentacled starspawn bites you!!
* * * LOW HITPOINT WARNING * * *
The tentacled starspawn tentacle-slaps you!
You die...

#.. .# #. ##..
#.## #.. ...# ...
#>. ##.##...#
##..##..##.#.#
............#
......ww...# #.#
#X@##..v. #..##vX#
# ##.
.....vxvx.v......#
...........#..# ..
##..##..##..#.#
....#.....##.#.#
... ##... .#... ..
.... # # # ......
.


You could see a tentacled starspawn, an ancient zyme (slow), a large abomination
(slow), a will-o-the-wisp, a small abomination and 2 starspawn tentacles.

Vanquished Creatures
  Cerebov (Pan)
  the Royal Jelly (Slime:5)
  Gloorx Vloq (Pan)
  Mnoleg (Pan)
  Lom Lobon (Pan)
  4 dread liches
  4 ancient liches
  Mara (Depths:1)
  3 juggernauts
  Sojobo (Vaults:3)
  31 royal mummies
  Bai Suzhen (Swamp:3)
  Margery (Vaults:3)
  Saint Roka (Crypt:3)
  2 shard shrikes (Coc:1)
  9 caustic shrikes
  Geryon (Hell)
  4 golden dragons
  2 profane servitors
  Jory (Crypt:1)
  Arachne (Spider:3)
  3 bone dragons
  2 doom hounds (Crypt:1)
  11 Brimstone Fiends
  5 Tzitzimimeh (Pan)
  7 pandemonium lords (Pan)
  11 hellephants
  Jorgrun (Swamp:3)
  4 Ice Fiends (Pan)
  A walking crystal tome (Depths:2)
  13 tentacled monstrosities
  20 liches
  6 Hell Sentinels
  A walking earthen tome (Depths:3)
  25 searing wretches
  4 deep elf blademasters
  Mlioglotl (Swamp:3)
  10 titans
  A quicksilver dragon (Abyss:3)
  A walking divine tome (Depths:3)
  2 deep elf master archers (Elf:3)
  14 ancient champions
  29 tentacled starspawn (Abyss:3)
  15 acid blobs
  43 Executioners
  14 sphinxes
  Agnes (Elf:2)
  3 thorn hunters
  Frances (Elf:1)
  9 tengu reavers
  9 shadow dragons
  A storm dragon (Vaults:5)
  2 daevas (Abyss:3)
  19 demonspawn warmongers (Pan)
  10 revenants
  A draconian monk (Depths:4)
  A fenstrider witch (Swamp:4)
  A draconian knight (Depths:4)
  A nagaraja (Zig:3)
  11 rockslimes
  A nargun (Coc:3)
  15 azure jellies
  21 fire giants
  The ghost of p0werm0de the Warrior, a journeyman BaIE of Ashenzari (Elf:3)
  7 frost giants
  8 emperor scorpions
  2 iron dragons
  A quicksilver elemental (Dis:2)
  8 deep elf sorcerers
  30 cacodemons
  Aizul (Swamp:1)
  An orc warlord (D:9)
  11 vault wardens
  5 curse skulls
  Louise (Swamp:3)
  12 ghost moths
  63 balrugs
  A spectral juggernaut (Tar:1)
  A draconian stormcaller (Depths:4)
  A shard shrike simulacrum (Coc:3)
  A juggernaut zombie (Crypt:1)
  2 angels
  A caustic shrike zombie (Tomb:3)
  8 demonspawn blood saints (Pan)
  5 deep elf elementalists
  2 draconian annihilators (Pan)
  5 ghouls
  5 broodmothers
  2 spriggan defenders (Depths:2)
  18 ironbound preservers
  A juggernaut skeleton (Depths:1)
  41 very ugly things
  17 quicksilver oozes
  4 bennus (Tomb:3)
  26 reapers
  9 vampire knights
  2 caustic shrike skeletons
  12 war gargoyles
  7 demonspawn corrupters (Pan)
  7 elemental wellsprings
  26 stone giants
  4 ironbound thunderhulks
  2 green draconians
  6 eleionomae
  2 putrid mouths
  A starflower (Abyss:3)
  A purple draconian (Depths:4)
  14 lorocyprocas (Pan)
  4 red draconians (Depths:4)
  17 demonspawn black suns (Pan)
  5 entropy weavers
  The ghost of CoolPlay the Thaumaturge, a journeyman MeEE of Cheibriados (Spider:4)
  6 bunyips
  7 deep elf annihilators
  9 deep elf demonologists
  10 dire elephants
  Azrael (Elf:2)
  11 spark wasps
  A yellow draconian (Abyss:3)
  11 deep elf death magi
  14 ettins
  4 eidola
  19 blizzard demons
  11 green deaths
  A quicksilver dragon zombie (Crypt:1)
  11 fire dragons
  21 mummy priests
  Josephine (D:14)
  13 jiangshi
  A shambling mangrove (Abyss:3)
  2 spectral spriggans (Crypt:1)
  3 caustic shrike simulacra
  6 deep elf high priests
  4 salamander tyrants
  A spectral iron giant (Crypt:1)
  23 hydras
  7 yaktaur captains
  A kraken zombie (Hell)
  The ghost of sentinel the Frost Mage, a journeyman MeEE of Ashenzari (Spider:1)
  15 great orbs of eyes
  38 vault guards
  2 jorogumos (Spider:4)
  A radroach (Spider:1)
  2 peacekeepers
  11 rakshasas
  A quicksilver dragon skeleton (Crypt:2)
  9 hell beasts
  4 naga warriors (Abyss:3)
  3 ghost crabs
  6 boulder beetles
  10 ice dragons
  A catoblepas (Lair:3)
  A spriggan zombie (Depths:1)
  10 ironbound frosthearts
  A jorogumo (shapeshifter) (Vaults:5)
  A merfolk avatar (Lair:5)
  A spectral shadow dragon (Crypt:1)
  9 stokers
  28 dancing weapons
  A spectral stone giant (Crypt:1)
  7 two-headed ogres
  5 centaur warriors
  2 ogre magi (Vaults:5)
  A satyr (Abyss:3)
  12 alligators
  7 deep troll shamans
  An Orb Guardian skeleton (Crypt:3)
  57 hell hogs
  4 death knights
  7 death yaks
  An orc high priest (Orc:1)
  58 death scarabs
  4 tengu warriors (Depths:1)
  15 vampire magi
  A shock serpent (Zig:3)
  12 thrashing horrors (Abyss:3)
  3 spectral nagas
  6 deep troll earth magi
  A spectral dire elephant (Tar:1)
  2 spriggan berserkers
  126 sun demons
  33 hell knights
  13 deep elf knights
  60 soul eaters
  108 large abominations
  14 shadow wraiths
  An emperor scorpion zombie (Crypt:1)
  16 wretched stars
  40 skeletal warriors
  39 sixfirhies
  9 pharaoh ants
  A bunyip zombie (Tomb:1)
  A spectral catoblepas (Crypt:1)
  2 sun moths
  A death drake (shapeshifter) (Elf:1)
  A sea snake (Lair:5)
  A titan skeleton (Pan)
  15 iron trolls
  3 spriggan druids
  A fire crab (shapeshifter) (D:14)
  6 goliath frogs
  2 anaconda zombies
  3 storm dragon skeletons
  A quicksilver dragon simulacrum (Coc:2)
  An iron giant zombie (Abyss:3)
  12 shadow demons
  8 flayed ghosts
  A sphinx zombie (Depths:1)
  63 deep trolls
  7 orb spiders
  A kraken simulacrum (Hell)
  10 steelbarb worms
  6 deep elf archers
  15 ironbound convokers
  17 swamp dragons
  13 bog bodies
  A spectral jorogumo (Spider:4)
  2 spectral wolf spiders (Spider:4)
  7 glowing orange brains
  10 lindwurms
  9 wizards
  A golden dragon skeleton (Vaults:2)
  2 spectral hydras (Crypt:1)
  A fenstrider witch simulacrum (Coc:2)
  19 phantasmal warriors
  13 necromancers
  A wolf spider zombie (Crypt:1)
  7 orc sorcerers
  2 anaconda skeletons (Hell)
  A harpy (shapeshifter) (Vaults:5)
  4 tengu skeletons
  3 orc knights
  20 deep elf pyromancers
  22 deep elf zephyrmancers
  15 worldbinders (Abyss:3)
  37 ugly things
  16 wolf spiders
  3 frost giant zombies (D:15)
  4 manticores
  4 will-o-the-wisps
  A salamander (Abyss:3)
  2 human zombies
  2 mana vipers (Abyss:3)
  4 cyclopes
  10 shining eyes
  A spectral alligator snapping turtle (Crypt:1)
  2 sphinx skeletons (Vaults:4)
  4 moths of wrath
  A manticore (shapeshifter) (Vaults:3)
  13 rust devils
  2 water nymphs (Abyss:3)
  2 toenail golems (Pan)
  Maurice (Orc:1)
  2 guardian serpents (Abyss:3)
  A fire giant skeleton (Depths:1)
  An eye of devastation (shapeshifter) (Vaults:5)
  A stone giant skeleton (Vaults:4)
  2 naga zombies
  2 spectral centaurs
  7 elephants
  Joseph (D:7)
  6 black mambas
  3 frost giant skeletons (Vaults:2)
  A cane toad (shapeshifter) (D:13)
  6 torpor snails
  3 molten gargoyles (Hell)
  24 vault sentinels
  71 smoke demons
  A naga mage (Abyss:3)
  5 apocalypse crabs (Abyss:3)
  6 eyes of devastation
  3 gargoyles
  An ice statue (IceCv)
  An elf skeleton (Vaults:2)
  A dire elephant skeleton (Pan)
  3 naga skeletons
  A black draconian zombie (Crypt:1)
  19 hellions
  39 orange demons
  13 cane toads
  4 rime drakes
  A sea snake zombie (Hell)
  An unseen horror (D:5)
  3 anaconda simulacra
  26 hellwings
  3 kobold demonologists
  12 freezing wraiths
  9 komodo dragons
  14 yaktaurs
  15 efreet
  3 spectral redbacks (Spider:4)
  A grey draconian skeleton (Crypt:3)
  7 red devils (Pan)
  28 tormentors
  A redback zombie (Spider:4)
  57 demonic crawlers
  54 guardian mummies
  21 ancient zymes
  A bunyip simulacrum (Coc:2)
  7 ice devils
  The ghost of Metae the Covered, an amateur MiFi (D:3)
  A sea snake skeleton (Hell)
  2 tengu conjurers (Depths:2)
  5 spriggan skeletons
  8 tyrant leeches
  5 bloated husks
  A meliai (Lair:3)
  5 polar bears
  A red draconian skeleton (Crypt:1)
  6 trolls
  An iron troll skeleton (Crypt:2)
  23 tarantellas
  A spectral harpy (Crypt:1)
  3 harpy skeletons
  A mana viper skeleton (Crypt:3)
  2 spectral jumping spiders (Spider:4)
  An ettin zombie (Depths:1)
  3 spectral tarantellas (Spider:4)
  A hornet (Swamp:4)
  A wind drake (Lair:5)
  2 tarantella zombies (Spider:4)
  A hydra skeleton (Pan)
  53 raiju (Abyss:3)
  2 jumping spider zombies (Spider:4)
  20 blink frogs
  2 alligator zombies (Hell)
  27 dream sheep
  2 iron dragon simulacra (Coc:1)
  A culicivora zombie (Crypt:2)
  A snapping turtle (shapeshifter) (Depths:3)
  A stone giant simulacrum (Coc:3)
  An ice dragon skeleton (Pan)
  A snapping turtle (Lair:5)
  113 slime creatures
  32 jumping spiders
  27 flying skulls
  25 culicivoras
  6 vampires
  44 ynoxinuls
  An air elemental (Elf:3)
  3 spriggans
  A spriggan (shapeshifter) (Elf:3)
  15 ushabtiu
  10 water elementals
  7 fire elementals
  An alligator skeleton (Hell)
  15 wraiths
  4 fire bats (Abyss:3)
  3 ettin skeletons
  A satyr skeleton (Crypt:1)
  3 shadows
  9 wyverns
  2 dire elephant simulacra (Coc:2)
  A basilisk (shapeshifter) (Abyss:3)
  A black mamba skeleton (Pan)
  36 yaks
  2 death yak simulacra (IceCv)
  A yak (shapeshifter) (Abyss:3)
  21 golden eyes
  47 neqoxecs
  2 steam dragons
  51 redbacks
  2 alligator snapping turtle simulacra
  10 vampire mosquitoes
  5 basilisks
  62 chaos spawn
  6 harpy simulacra
  40 small abominations (Abyss:3)
  16 swamp worms
  A redback (shapeshifter) (Abyss:3)
  4 nagas
  5 wargs
  A warg (shapeshifter) (Elf:3)
  A naga (shapeshifter) (Elf:3)
  3 acid dragons
  3 merfolk skeletons
  A water moccasin (shapeshifter) (Vaults:5)
  15 water moccasins
  2 floating eyes
  9 hell hounds
  A deep troll skeleton (Crypt:2)
  4 glowing shapeshifter skeletons
  A hydra simulacrum (IceCv)
  6 swamp drakes
  52 orc warriors
  A floating eye (shapeshifter) (Vaults:5)
  3 ice beasts
  3 sky beasts
  3 black bears
  An ettin simulacrum (Coc:2)
  A wolf (shapeshifter) (Elf:3)
  A centaur (shapeshifter) (Elf:3)
  9 wolves
  7 ogres
  2 human skeletons
  A phantom (D:6)
  A swamp dragon skeleton (Pan)
  17 centaurs
  6 kobold brigands
  6 bullfrogs
  3 necrophages
  2 earth elementals
  A gnoll sergeant (D:8)
  8 two-headed ogre simulacra (IceCv)
  4 cane toad simulacra (IceCv)
  4 scorpions
  2 troll zombies
  A wight (D:9)
  A water moccasin skeleton (Crypt:3)
  17 killer bees
  A swamp dragon simulacrum (Coc:1)
  An elephant simulacrum (IceCv)
  A warg skeleton (Crypt:2)
  A killer bee (shapeshifter) (Elf:3)
  A raiju skeleton (Crypt:3)
  An electric eel (Lair:1)
  A howler monkey (shapeshifter) (Elf:3)
  A troll skeleton (Swamp:2)
  9 crimson imps
  64 starcursed masses
  A hound (D:5)
  8 jellies
  16 orc priests
  A centaur skeleton (D:3)
  6 iron imps (Abyss:3)
  A bullfrog skeleton (D:3)
  Jessica (D:3)
  Ijyb (D:3)
  6 iguanas
  An iguana (shapeshifter) (Elf:3)
  18 orc wizards
  3 spriggan simulacra
  4 polar bear simulacra (IceCv)
  5 troll simulacra (IceCv)
  2 wolf simulacra (IceCv)
  55 mummies
  10 gnolls
  A howler monkey zombie (D:3)
  5 adders
  A howler monkey skeleton (D:3)
  9 naga simulacra (IceCv)
  3 shadow imps
  8 white imps
  7 ufetubi
  A worm (shapeshifter) (Elf:3)
  4 worms
  3 dart slugs
  123 orcs
  11 endoplasms
  A giant cockroach (D:2)
  4 hobgoblins
  A jackal (shapeshifter) (Elf:3)
  15 jackals
  6 quokkas
  9 ball pythons
  A ball python skeleton (Crypt:2)
  6 bats
  3 frilled lizards
  A frilled lizard skeleton (Crypt:2)
  6 goblins
  18 kobolds
  A kobold zombie (Crypt:1)
  3 rats
  A rat zombie (Crypt:1)
  3 ball lightnings (Pan)
  16 briar patches (Swamp:4)
  10 creeping infernos
  106 fire vortices
  2 lurking horrors (Abyss:3)
  32 starspawn tentacles (Abyss:3)
  3 tentacles (Hell)
4457 creatures vanquished.

Vanquished Creatures (collateral kills)
  Mennas (Vaults:3)
  A bone dragon (Abyss:3)
  2 Tzitzimimeh (Pan)
  A searing wretch (Zig:4)
  A Hell Sentinel (Abyss:3)
  A shadow dragon (Abyss:3)
  A daeva (Abyss:3)
  A ghost moth (Pan)
  2 balrugs
  A demonspawn black sun (Pan)
  A green death (Pan)
  A hell beast (Pan)
  A hell hog (Zig:4)
  2 thrashing horrors (Abyss:3)
  A soul eater (Pan)
  3 wretched stars (Abyss:3)
  2 smoke demons
  2 ancient zymes
  5 large abominations
  2 starcursed masses (Zig:5)
  A wraith (Abyss:3)
  A small abomination (Abyss:3)
34 creatures vanquished.

Vanquished Creatures (others)
  2 eldritch tentacles (Pan)
  A fire giant (Geh:1)
  A caustic shrike simulacrum (Coc:3)
  A stoker (Geh:7)
  A spectral wolf spider (Spider:4)
  5 large abominations
  A bloated husk (Swamp:1)
  A slime creature (Slime:5)
  3 ynoxinuls (Pan)
  2 small abominations (Abyss:3)
  A hell hound (Abyss:3)
  An iguana (Lair:2)
  3 ball lightnings (Pan)
  71 fire vortices
  5 foxfires
  47 fungi
  A lurking horror (Abyss:3)
  94 plants
  40 starspawn tentacles
  9 tentacles (Hell)
  7 withered plants (D:15)
297 creatures vanquished.

Grand Total: 4788 creatures vanquished

Notes
Turn   | Place    | Note
-------+----------+-------------------------------------------
     0 | D:1      | Ashen the Demonspawn Ice Elementalist began the quest for
                  | the Orb.
     0 | D:1      | Reached XP level 1. HP: 13/13 MP: 3/3
   210 | D:1      | Found a faded altar of an unknown god.
   231 | D:1      | Got Plato's Tractate on Red-Hot Blasts
   506 | D:1      | Gained mutation: You are partially covered in thin metallic
                  | scales. (AC +2) [demonic ancestry]
   506 | D:1      | Reached XP level 2. HP: 12/19 MP: 0/5
  1246 | D:2      | Gained mutation: You are mostly covered in thin metallic
                  | scales. (AC +3) [demonic ancestry]
  1246 | D:2      | Reached XP level 3. HP: 24/24 MP: 2/6
  1375 | D:1      | Learned a level 3 spell: Frozen Ramparts
  1685 | D:2      | Gained mutation: You are completely covered in thin
                  | metallic scales. (AC +4, rElec) [demonic ancestry]
  1685 | D:2      | Reached XP level 4. HP: 30/30 MP: 5/7
  2713 | D:3      | Noticed Jessica
  2723 | D:3      | Killed Jessica
  2741 | D:3      | Reached XP level 5. HP: 27/36 MP: 1/9
  2909 | D:3      | Reached skill level 1 in Fighting
  3408 | D:3      | Noticed Ijyb
  3411 | D:3      | Found a runed translucent gate.
  3411 | D:3      | Found a runed translucent gate.
  3411 | D:3      | Found a runed translucent gate.
  3411 | D:3      | Noticed Metae's ghost (amateur MiFi)
  3418 | D:3      | Killed Ijyb
  4000 | D:4      | Noticed a phantom
  4293 | D:4      | Reached XP level 6. HP: 37/43 MP: 7/11
  4500 | D:4      | Learned a level 3 spell: Ozocubu's Armour
  4505 | D:4      | Learned a level 4 spell: Hailstorm
  5064 | D:4      | Found a shimmering blue altar of Sif Muna.
  5395 | D:5      | Entered Level 5 of the Dungeon
  5405 | D:5      | Reached skill level 1 in Conjurations
  5481 | D:5      | Killed an unseen horror
  5482 | D:5      | Reached skill level 5 in Ice Magic
  5482 | D:5      | Gained mutation: You sometimes gain a little power by
                  | taking damage. [demonic ancestry]
  5482 | D:5      | Reached XP level 7. HP: 44/50 MP: 6/13
  5604 | D:5      | Identified the +6 falchion of the Scuffed God {spect, rElec
                  | rPois rC+}
  5975 | D:5      | Found a shimmering altar of Xom.
  5976 | D:5      | Found a hazy altar of Hepliaklqana.
  5977 | D:5      | Noticed a spectral ugly thing
  6411 | D:5      | Gained mutation: You are partially covered in sharp spines.
                  | [demonic ancestry]
  6411 | D:5      | Reached XP level 8. HP: 50/57 MP: 3/14
  6856 | D:6      | Reached skill level 5 in Spellcasting
  7001 | D:6      | Found a staircase to the Ecumenical Temple.
  7013 | Temple   | Entered the Ecumenical Temple
  7200 | Temple   | Became a worshipper of Vehumet
  7693 | D:7      | Reached XP level 9. HP: 38/64 MP: 10/17
  8065 | D:7      | Reached skill level 5 in Conjurations
  8217 | D:7      | Found a flagged portal.
  8222 | D:7      | Reached * piety under Vehumet
  8222 | D:7      | Offered knowledge of Magic Dart by Vehumet.
  8233 | Bailey   | Entered a bailey
  8270 | Bailey   | Reached skill level 5 in Stealth
  8390 | Bailey   | Noticed an orc knight
  8403 | Bailey   | Killed an orc knight
  8645 | Bailey   | Identified the +2 helmet of Fecore {Drain Str+4 Int+2
                  | Dex+3}
  8653 | Bailey   | Identified the +1 plate armour of Dim Light {+Blink rElec
                  | Regen+ Str+3}
  8930 | D:7      | Noticed Joseph
  8948 | D:7      | Found a broken altar of Ashenzari.
  8962 | D:7      | Reached skill level 5 in Dodging
  9056 | D:7      | Reached XP level 10. HP: 73/73 MP: 20/20
  9686 | D:8      | Offered knowledge of Poisonous Vapours by Vehumet.
  9780 | D:8      | Noticed a sun demon
  9895 | D:8      | Reached ** piety under Vehumet
 10532 | D:8      | Reached skill level 5 in Fighting
 10714 | D:9      | Offered knowledge of Ignite Poison by Vehumet.
 10716 | D:9      | Found a staircase to the Orcish Mines.
 10774 | D:9      | Reached *** piety under Vehumet
 10938 | D:9      | Found Lestiplu's Antique Armour Emporium.
 11330 | D:9      | Identified the +9 short sword of Ovvel {freeze, *Noise
                  | rCorr Int+3 SInv}
 11349 | D:9      | Offered knowledge of Olgreb's Toxic Radiance by Vehumet.
 11632 | D:9      | Found a staircase to the Lair.
 11760 | Orc:1    | Entered Level 1 of the Orcish Mines
 11760 | Orc:1    | Found Zayrgh's Weapon Shop.
 11764 | Orc:1    | Noticed an orc warlord
 11893 | Lair:1   | Entered Level 1 of the Lair of Beasts
 11953 | Lair:1   | Gained mutation: You have sharp fingernails. [demonic
                  | ancestry]
 11953 | Lair:1   | Reached XP level 11. HP: 69/80 MP: 22/22
 12377 | Lair:1   | Reached **** piety under Vehumet
 12377 | Lair:1   | Offered knowledge of Irradiate by Vehumet.
 14332 | Lair:2   | Gained mutation: You have very sharp fingernails. [demonic
                  | ancestry]
 14332 | Lair:2   | Reached XP level 12. HP: 88/89 MP: 20/25
 14441 | Lair:2   | Found a staircase to the Swamp.
 14675 | Lair:2   | Found the amulet of Elemental Vulnerability {rPois rF--
                  | rC-- AC+8}
 14700 | Lair:2   | Reached skill level 10 in Ice Magic
 14796 | Lair:2   | Noticed a boulder beetle
 14817 | Lair:2   | Killed a boulder beetle
 14928 | Lair:2   | Noticed a five-headed hydra
 14928 | Lair:2   | Noticed a death yak
 14935 | Lair:2   | Killed a five-headed hydra
 14944 | Lair:2   | Killed a death yak
 15131 | Lair:2   | Reached skill level 10 in Conjurations
 15249 | Lair:3   | Noticed a catoblepas
 15294 | Lair:3   | Reached skill level 10 in Spellcasting
 15559 | Lair:3   | Reached ***** piety under Vehumet
 15559 | Lair:3   | Offered knowledge of Freezing Cloud by Vehumet.
 15570 | Lair:3   | Learned a level 5 spell: Freezing Cloud
 15794 | Lair:3   | Noticed a death yak
 15794 | Lair:3   | Noticed a death yak
 15794 | Lair:3   | Noticed a death yak
 15794 | Lair:3   | Noticed a death yak
 15795 | Lair:3   | Noticed a death yak
 15795 | Lair:3   | Noticed a death yak
 15800 | Lair:3   | Killed a death yak
 15801 | Lair:3   | Killed a death yak
 15801 | Lair:3   | Killed a death yak
 15801 | Lair:3   | Killed a death yak
 15802 | Lair:3   | Killed a death yak
 15802 | Lair:3   | Killed a death yak
 16077 | Lair:3   | Gained mutation: You have claws for hands. [demonic
                  | ancestry]
 16077 | Lair:3   | Reached XP level 13. HP: 67/98 MP: 14/27
 16911 | Lair:3   | Found a hole to the Spider Nest.
 17553 | Lair:4   | Found a staircase to the Slime Pits.
 17553 | Lair:4   | Found a viscous altar of Jiyva.
 18177 | Lair:4   | Identified the ring "Doonumi" {Dex+5 Slay+4}
 18238 | Lair:5   | Entered Level 5 of the Lair of Beasts
 19557 | Lair:5   | Found the +8 arc blade {discharge, rElec}
 19690 | Lair:5   | Gained mutation: You are robust. (+10% HP) [demonic
                  | ancestry]
 19690 | Lair:5   | Reached XP level 14. HP: 79/118 MP: 10/28
 20387 | Orc:1    | Offered knowledge of Iskenderun's Battlesphere by Vehumet.
 20607 | Orc:1    | Found Kuew Wea's Book Emporium.
 20647 | Orc:1    | Noticed Maurice
 20653 | Orc:1    | Killed Maurice
 21159 | Orc:2    | Entered Level 2 of the Orcish Mines
 21159 | Orc:2    | Found Ixkausimm's Distillery.
 21298 | Orc:2    | Bought a potion of ambrosia for 144 gold pieces
 21298 | Orc:2    | Bought a potion of lignification for 54 gold pieces
 21767 | Orc:2    | Offered knowledge of Ozocubu's Refrigeration by Vehumet.
 21776 | Orc:2    | Learned a level 7 spell: Ozocubu's Refrigeration
 21995 | Orc:2    | Found a staircase to the Elven Halls.
 22310 | Orc:2    | Found Zeluig's Jewellery Boutique.
 22310 | Orc:2    | Found Kyotzuoz's Armour Emporium.
 22312 | Orc:2    | Found Fydouxt's Armour Shoppe.
 22314 | Orc:2    | Found Koyje's Antique Weapon Shop.
 22475 | D:10     | Entered Level 10 of the Dungeon
 23163 | D:10     | Found an ornate altar of the Wu Jian Council.
 23711 | D:11     | Found a frozen archway.
 23767 | IceCv    | Entered an ice cave
 24223 | IceCv    | Got Ereshkigal's Compilation of Damage Dealing
 24454 | IceCv    | Offered knowledge of Starburst by Vehumet.
 24919 | D:11     | Learned a level 7 spell: Orb of Destruction
 25265 | D:11     | Reached skill level 10 in Fighting
 25549 | D:11     | Found a portal to a secret trove of treasure.
 25596 | D:12     | Found Wahebonu's Weapon Shoppe.
 25700 | D:12     | Found Tezuguch's Magic Scroll Emporium.
 25701 | D:12     | Found Enod's General Store.
 25704 | D:12     | Found Xileuf's Assorted Antiques.
 25706 | D:12     | Found Opsen's Antique Weapon Emporium.
 25708 | D:12     | Bought a scroll of blinking for 120 gold pieces
 25708 | D:12     | Bought a scroll of teleportation for 48 gold pieces
 25708 | D:12     | Bought a scroll of amnesia for 64 gold pieces
 25712 | D:12     | Bought a bubbling coppery potion for 31 gold pieces
 25712 | D:12     | Bought a potion of lignification for 105 gold pieces
 25720 | D:12     | Bought a scroll of blinking for 105 gold pieces
 25724 | D:12     | Bought a scroll of torment for 152 gold pieces
 25724 | D:12     | Bought a scroll of poison for 64 gold pieces
 27650 | D:13     | Got Zimolom's Precepts of Transformation
 27661 | D:13     | Reached skill level 1 in Shields
 27661 | D:13     | Gained mutation: You sometimes gain power by taking damage.
                  | [demonic ancestry]
 27661 | D:13     | Reached XP level 15. HP: 126/126 MP: 9/30
 28848 | D:14     | Found a gate to the Vaults.
 28876 | D:14     | Offered knowledge of Lightning Bolt by Vehumet.
 29061 | D:14     | Noticed Josephine
 29078 | D:14     | Killed Josephine
 29199 | D:14     | Found Qyfath's Jewellery Boutique.
 29207 | D:14     | Bought a ring of magical power for 300 gold pieces
 29335 | D:14     | Reached skill level 10 in Dodging
 29773 | D:15     | Entered Level 15 of the Dungeon
 30292 | D:15     | Found a staircase to the Depths.
 31495 | D:14     | Bought the amulet of Virtue {Harm Fly Regen+ rCorr Slay-5}
                  | for 450 gold pieces
 31675 | Swamp:1  | Entered Level 1 of the Swamp
 32328 | Swamp:1  | Noticed Aizul
 32332 | Swamp:1  | Killed Aizul
 32999 | Swamp:1  | Offered knowledge of Conjure Ball Lightning by Vehumet.
 33261 | Swamp:2  | Reached XP level 16. HP: 134/134 MP: 15/32
 33507 | Swamp:2  | Reached skill level 15 in Conjurations
 33976 | Swamp:2  | Found an opulent altar of Gozag.
 33989 | Swamp:2  | Identified the +1 robe "Guaget" {Contam rElec Str+6}
 34704 | Swamp:3  | Reached skill level 5 in Shields
 34947 | Swamp:3  | Identified the +8 rapier "Rudal" {vamp, rF+ Str+3 Int-5}
 35116 | Swamp:3  | Noticed Bai Suzhen
 35176 | Swamp:3  | Noticed a thorn hunter
 35180 | Swamp:3  | Killed a thorn hunter
 35180 | Swamp:3  | Noticed Mlioglotl
 35181 | Swamp:3  | Reached skill level 15 in Ice Magic
 35361 | Swamp:3  | Killed Mlioglotl
 35543 | Swamp:3  | Killed Bai Suzhen
 35578 | Swamp:3  | Noticed Jorgrun
 35629 | Swamp:3  | Noticed Louise
 35801 | Swamp:3  | Killed Jorgrun
 36592 | Swamp:3  | Killed Louise
 37252 | Swamp:4  | Entered Level 4 of the Swamp
 37909 | Swamp:4  | Reached ****** piety under Vehumet
 38258 | Swamp:4  | Offered knowledge of Spellforged Servitor by Vehumet.
 38446 | Swamp:4  | Noticed a thorn hunter
 38452 | Swamp:4  | Killed a thorn hunter
 38491 | Swamp:4  | Reached XP level 17. HP: 140/140 MP: 26/34
 38744 | Swamp:4  | Got a decaying rune of Zot
 39246 | Spider:1 | Entered Level 1 of the Spider Nest
 39246 | Spider:1 | Found a runed translucent door.
 39252 | Spider:1 | Found a shimmering altar of Xom.
 39252 | Spider:1 | Identified the +6 quarterstaff of Hasituuh {chaos, Dex+4}
 39252 | Spider:1 | Noticed sentinel's ghost (journeyman MeEE)
 41311 | Spider:2 | Offered knowledge of Fire Storm by Vehumet.
 41311 | Spider:2 | Offered knowledge of Polar Vortex by Vehumet.
 41311 | Spider:2 | Offered knowledge of Ignition by Vehumet.
 41323 | Spider:2 | Learned a level 9 spell: Polar Vortex
 43625 | Spider:3 | Noticed Arachne
 43928 | Spider:3 | Killed Arachne
 44245 | Spider:4 | Entered Level 4 of the Spider Nest
 44474 | Spider:4 | Reached skill level 15 in Spellcasting
 44527 | Spider:4 | Reached skill level 10 in Shields
 45003 | Spider:4 | Reached XP level 18. HP: 100/147 MP: 8/37
 45642 | Spider:4 | Found a runed translucent gate.
 45642 | Spider:4 | Found a runed translucent gate.
 45642 | Spider:4 | Found a runed translucent gate.
 45643 | Spider:4 | Noticed CoolPlay's ghost (journeyman MeEE)
 47186 | Spider:4 | Got a gossamer rune of Zot
 47305 | Spider:4 | Killed CoolPlay's ghost
 47531 | Spider:1 | Killed sentinel's ghost
 47540 | Spider:1 | Identified the +1 long sword of Rink {vorpal, rC+}
 47696 | D:7      | Killed Joseph
 47798 | D:3      | Killed Metae's ghost
 47818 | D:3      | Learned a level 8 spell: Lehudib's Crystal Spear
 48023 | Vaults:1 | Entered Level 1 of the Vaults
 48313 | Vaults:1 | Found Guatuirav's General Store.
 48336 | Vaults:1 | Bought a scroll of blinking for 75 gold pieces
 48336 | Vaults:1 | Bought a ring of wizardry for 300 gold pieces
 50202 | Vaults:2 | Gained mutation: You are very robust. (+20% HP) [demonic
                  | ancestry]
 50202 | Vaults:2 | Reached XP level 19. HP: 147/168 MP: 24/38
 50209 | Vaults:2 | Reached skill level 1 in Earth Magic
 51424 | Vaults:2 | Found a staircase to the Crypt.
 51547 | Vaults:2 | Found a transporter.
 51569 | Vaults:2 | Found a transporter.
 52323 | Vaults:3 | Noticed Margery
 52329 | Vaults:3 | Killed Margery
 52330 | Vaults:3 | Reached skill level 5 in Earth Magic
 52865 | Vaults:3 | Noticed Sojobo
 52882 | Vaults:3 | Killed Sojobo
 53427 | Vaults:3 | Noticed Mennas
 54035 | Vaults:3 | Found Worghaodd's Weapon Emporium.
 54311 | Vaults:3 | Killed Mennas
 54595 | Vaults:4 | Gained mutation: You are mostly covered in sharp spines.
                  | [demonic ancestry]
 54595 | Vaults:4 | Reached XP level 20. HP: 176/176 MP: 33/41
 56080 | Vaults:4 | Found Jaotyomn's General Store.
 56088 | Vaults:4 | Bought a scroll of teleportation for 36 gold pieces
 56162 | Vaults:4 | Reached skill level 1 in Throwing
 56162 | Vaults:4 | Reached skill level 1 in Evocations
 56630 | Vaults:4 | Got the Spellbook of the Salvo
 57317 | Elf:1    | Entered Level 1 of the Elven Halls
 57329 | Elf:1    | Learned a level 9 spell: Fire Storm
 57339 | Elf:1    | Learned a level 8 spell: Ignition
 57481 | Elf:1    | Found Hubean's Book Emporium.
 57485 | Elf:1    | Found Lovvif's Book Shoppe.
 57486 | Elf:1    | Found Mitib's Armour Emporium.
 57499 | Elf:1    | Bought a Necronomicon for 1008 gold pieces
 57499 | Elf:1    | Bought an Inescapable Atlas for 612 gold pieces
 57664 | Elf:1    | Found Nusar's Neck Hole.
 57983 | Elf:1    | Found Riom's Antique Weapon Boutique.
 58027 | Elf:1    | Noticed Frances
 58031 | Elf:1    | Killed Frances
 58609 | Elf:1    | Got Tadwytwy's Lectures on Blows and Bruises
 58841 | D:9      | Bought a glowing kite shield for 232 gold pieces
 59279 | Elf:2    | Found a runed translucent gate.
 59279 | Elf:2    | Found a runed translucent gate.
 59280 | Elf:2    | Found a runed translucent gate.
 59304 | Elf:2    | Noticed Azrael
 59306 | Elf:2    | Killed Azrael
 59355 | Elf:2    | Noticed Agnes
 59361 | Elf:2    | Killed Agnes
 59427 | Elf:2    | Identified a scroll of acquirement
 59506 | Elf:2    | Identified the ring "Zestrudack" {Fly rC+ Int+3 SInv}
 59809 | Elf:2    | Gained mutation: You are powered by pain. [demonic
                  | ancestry]
 59809 | Elf:2    | Reached XP level 21. HP: 171/183 MP: 44/44
 60004 | Elf:3    | Entered Level 3 of the Elven Halls
 60043 | Elf:3    | Found a runed translucent gate.
 60043 | Elf:3    | Found a runed translucent gate.
 60043 | Elf:3    | Found a runed translucent gate.
 60182 | Elf:3    | Paralysed by an air elemental for 1 turns
 61098 | Elf:3    | Identified the +8 demon trident "Hydraslayer" {vorpal,
                  | Int+3}
 61098 | Elf:3    | Identified the +1 leather armour of Jerejuuh {Harm Rampage
                  | Dex-4}
 61302 | Elf:3    | Identified the ring "Woosuahu" {+Blink rF+ Will+ EV+4 Str-2
                  | Stlth+}
 61310 | Elf:3    | Reached skill level 10 in Earth Magic
 61574 | Elf:3    | Identified the amulet "Susep" {Reflect Will+ Int+3 SH+5}
 61600 | Elf:3    | Identified the +9 arbalest "Sosicwal" {flame, Str+5}
 61604 | Elf:3    | Identified the +0 ring mail "Luocw" {Regen+ Dex+3}
 61606 | Elf:3    | Identified the +1 chain mail of the Wumpus {rN+ Dex+2}
 61861 | Elf:3    | Found a runed translucent gate.
 61861 | Elf:3    | Found a runed translucent gate.
 61874 | Elf:3    | Found a runed translucent gate.
 61875 | Elf:3    | Noticed p0werm0de's ghost (journeyman BaIE)
 63092 | Depths:1 | Entered Level 1 of the Depths
 63202 | Depths:1 | Found a gateway to Hell.
 63641 | Depths:1 | Found Erlang Shen's Dragon-Slaying Spoils.
 63764 | Depths:1 | Found an ornate altar of the Wu Jian Council.
 64522 | Depths:1 | Noticed Mara
 64526 | Depths:1 | Killed Mara
 64883 | Depths:1 | Reached XP level 22. HP: 195/195 MP: 8/45
 65415 | Depths:1 | You fall into a shaft and drop 1 floor!
 65424 | Depths:2 | Noticed a juggernaut
 65429 | Depths:2 | Killed a juggernaut
 65555 | Depths:2 | Paralysed by a floating eye for 3 turns
 66877 | Depths:2 | Identified the amulet "Gismept" {Faith rC+ Will+ Slay-3}
 66959 | Depths:2 | Noticed Vv
 67504 | Depths:2 | Found a one-way gate leading to the halls of Pandemonium.
 69349 | Depths:3 | Identified the +0 hat "Nyciock" {+Blink}
 69383 | Depths:3 | Found a one-way gateway to a ziggurat.
 69389 | Depths:3 | Found a one-way gate to the infinite horrors of the Abyss.
 69455 | Depths:3 | Noticed a caustic shrike
 69461 | Depths:3 | Killed a caustic shrike
 70047 | Depths:3 | Identified the +3 mace of Ifigumeatu {vorpal, +Blink rF+++
                  | rC+ rCorr}
 70109 | Depths:4 | Entered Level 4 of the Depths
 70147 | Depths:4 | Learned a level 8 spell: Necromutation
 70667 | Depths:4 | Reached skill level 1 in Necromancy
 71118 | Depths:3 | Reached skill level 1 in Transmutations
 71356 | Depths:4 | Found a gate to the Realm of Zot.
 71356 | Depths:4 | Noticed a golden dragon
 71356 | Depths:4 | Noticed a golden dragon
 71380 | Depths:4 | Killed a golden dragon
 71390 | Depths:4 | Gained mutation: You are extremely robust. (+30% HP)
                  | [demonic ancestry]
 71390 | Depths:4 | Reached XP level 23. HP: 63/220 MP: 21/47
 73512 | Vaults:2 | Identified the +5 falchion of Zin's Regard {flame, rC+
                  | Str+2 Dex+4}
 73544 | Vaults:2 | Identified the -2 hat "Zouggaol" {Str+2}
 73889 | Hell     | Entered the Vestibule of Hell
 73889 | Hell     | Noticed Geryon
 73892 | Abyss:3  | Cast into level 3 of the Abyss (reaper)
 74232 | Hell     | Escaped the Abyss
 74807 | Crypt:1  | Entered Level 1 of the Crypt
 75691 | Crypt:1  | Reached skill level 5 in Necromancy
 76293 | Crypt:1  | Reached skill level 5 in Transmutations
 76339 | Crypt:1  | Identified the amulet "Dotruuh" {Reflect rF+ SH+5}
 76339 | Crypt:1  | Noticed Jory
 76350 | Crypt:1  | Killed Jory
 76869 | Crypt:1  | Found an ancient bone altar of Kikubaaqudgha.
 78470 | Crypt:2  | Reached XP level 24. HP: 202/236 MP: 31/47
 79539 | Crypt:3  | Entered Level 3 of the Crypt
 79682 | Crypt:3  | Reached skill level 10 in Necromancy
 79963 | Crypt:3  | Noticed Saint Roka
 79972 | Crypt:3  | Killed Saint Roka
 80044 | Crypt:3  | Found a staircase to the Tomb.
 80520 | Crypt:3  | Noticed a dread lich
 80813 | Crypt:3  | Noticed a dread lich
 81344 | Crypt:3  | Killed a dread lich
 81395 | Crypt:3  | Killed a dread lich
 81526 | Crypt:3  | Got Sif Muna's Reference Book on Excruciating Translocation
 81529 | Crypt:3  | Identified the +8 quarterstaff "Cahempog" {vorpal, rPois
                  | SInv}
 81535 | Crypt:3  | Got Sif Muna's Cyclopedia of Evolution and Black Deeds
 81588 | Tomb:1   | Entered Level 1 of the Tomb of the Ancients
 81987 | Depths:3 | Found a one-way gateway to a ziggurat.
 82550 | Depths:3 | Found a one-way gateway to a ziggurat.
 83108 | Depths:3 | Voluntarily entered the Abyss.
 83480 | Depths:3 | Escaped the Abyss
 83733 | Temple   | Fell from the grace of Vehumet
 83733 | Temple   | Became a worshipper of Makhleb the Destroyer
 84039 | Depths:3 | Voluntarily entered the Abyss.
 84079 | Abyss:3  | Reached skill level 10 in Transmutations
 84151 | Abyss:3  | Noticed an ancient lich
 84156 | Abyss:3  | Killed an ancient lich
 84265 | Abyss:3  | Gained mutation: You have a somewhat thin skeletal
                  | structure. (Dex +2, Stealth+) [mutagenic glow]
 84281 | Abyss:3  | Reached * piety under Makhleb
 84299 | Depths:3 | Escaped the Abyss
 84810 | Depths:3 | Voluntarily entered the Abyss.
 84810 | Abyss:3  | Found a corrupted altar of Lugonu.
 84901 | Abyss:3  | Paralysed by accursed screaming for 1 turns
 85079 | Abyss:3  | Reached ** piety under Makhleb
 85151 | Abyss:3  | Found a corrupted altar of Lugonu.
 85165 | Abyss:3  | Gained mutation: You occasionally shout uncontrollably at
                  | your foes. [mutagenic glow]
 85184 | Abyss:3  | Gained mutation: You are occasionally teleported next to
                  | monsters. [mutagenic glow]
 85273 | Depths:3 | Escaped the Abyss
 85711 | Depths:3 | Voluntarily entered the Abyss.
 85882 | Abyss:3  | Reached *** piety under Makhleb
 85915 | Abyss:3  | Gained mutation: You expend magic power (3 MP) to
                  | strengthen your wands. [mutagenic glow]
 86064 | Abyss:3  | Gained mutation: Your body sometimes deteriorates upon
                  | taking damage. [mutagenic glow]
 86322 | Abyss:3  | Reached **** piety under Makhleb
 86328 | Abyss:3  | Reached XP level 25. HP: 244/244 MP: 31/47
 86439 | Depths:3 | Escaped the Abyss
 86735 | Orc:2    | Bought a potion of mutation for 144 gold pieces
 86910 | Elf:3    | Killed p0werm0de's ghost
 86938 | Elf:3    | Identified the +0 pair of boots of the Ecumenical Temple
                  | {rElec rF++}
 87219 | D:12     | Bought a potion of mutation for 280 gold pieces
 87219 | D:12     | Lost mutation: You expend magic power (3 MP) to strengthen
                  | your wands. [potion of mutation]
 87219 | D:12     | Lost mutation: You occasionally shout uncontrollably at
                  | your foes. [potion of mutation]
 87219 | D:12     | Lost mutation: Your body sometimes deteriorates upon taking
                  | damage. [potion of mutation]
 87219 | D:12     | Gained mutation: You passively dampen the noise of your
                  | surroundings. [potion of mutation]
 87220 | D:12     | Lost mutation: You are occasionally teleported next to
                  | monsters. [potion of mutation]
 87220 | D:12     | Lost mutation: You have a somewhat thin skeletal structure.
                  | (Dex +2, Stealth+) [potion of mutation]
 87220 | D:12     | Lost mutation: You passively dampen the noise of your
                  | surroundings. [potion of mutation]
 87220 | D:12     | Gained mutation: You occasionally shout uncontrollably at
                  | your foes. [potion of mutation]
 87220 | D:12     | Gained mutation: Your spells are a little harder to cast,
                  | but a little more powerful. [potion of mutation]
 87394 | Slime:1  | Entered Level 1 of the Pits of Slime
 87401 | Slime:1  | Reached ***** piety under Makhleb
 88447 | Slime:2  | Found a viscous altar of Jiyva.
 89510 | Slime:5  | Entered Level 5 of the Pits of Slime
 89579 | Slime:5  | Reached ****** piety under Makhleb
 89669 | Slime:5  | Noticed the Royal Jelly
 89846 | Slime:5  | Killed the Royal Jelly
 90089 | Slime:5  | Reached skill level 15 in Necromancy
 90202 | Slime:5  | Found the +8 storm bow {elec, penet}
 90203 | Slime:5  | Found the +4 skin of Zhor {*Englaciate rC+++ SInv}
 90313 | Slime:5  | Identified the ring "Huwebri" {rPois rCorr Str+6 Slay-4}
 90362 | Slime:5  | Got a slimy rune of Zot
 90973 | Depths:3 | Found a one-way gateway to a ziggurat.
 91600 | Depths:4 | Voluntarily entered the Abyss.
 91871 | Abyss:3  | Noticed an ancient lich
 91874 | Depths:4 | Escaped the Abyss
 91936 | Depths:4 | Voluntarily entered the Abyss.
 92039 | Abyss:3  | Gained mutation: You are completely covered in sharp
                  | spines. [demonic ancestry]
 92039 | Abyss:3  | Reached XP level 26. HP: 253/253 MP: 38/48
 92060 | Abyss:3  | Got an abyssal rune of Zot
 92187 | Abyss:3  | Noticed a dread lich
 92191 | Abyss:3  | Killed a dread lich
 92191 | Abyss:3  | Was forgiven by Vehumet
 92259 | Abyss:3  | Found a hide-covered altar of Uskayaw.
 92314 | Abyss:3  | Reached skill level 15 in Transmutations
 92540 | Abyss:3  | Found a corrupted altar of Lugonu.
 92543 | Abyss:3  | Found a bloodstained altar of Trog.
 92597 | Depths:4 | Escaped the Abyss
 93407 | Vaults:5 | Entered Level 5 of the Vaults
 93533 | Vaults:5 | Identified the +12 quick blade of Discomfort {venom, rPois
                  | rF+++ rC- Dex-5}
 93666 | Vaults:5 | Identified the +0 robe "Efopnixo" {rF+ Int+2 Stlth+}
 93844 | Vaults:5 | Reached skill level 1 in Fire Magic
 93861 | Vaults:5 | Identified the amulet of Jixit {RegenMP rElec rN+}
 93897 | Vaults:5 | Reached skill level 1 in Staves
 93897 | Vaults:5 | Reached skill level 5 in Evocations
 94153 | Vaults:5 | Noticed an ancient lich
 94158 | Vaults:5 | Killed an ancient lich
 94271 | Vaults:5 | Got a silver rune of Zot
 94271 | Vaults:5 | Identified the +2 falchion of Ixiukhle {freeze, Drain
                  | +Blink Str+3}
 94471 | Vaults:5 | Reached skill level 5 in Fire Magic
 94664 | Vaults:5 | Identified the ring of Siaf {Fire rElec rCorr Dex+2}
 95879 | Tomb:1   | Reached XP level 27. HP: 254/259 MP: 39/49
 95882 | Tomb:1   | Reached skill level 15 in Earth Magic
 96048 | Tomb:1   | Identified the +1 plate armour "Liclier" {Will+ Slay+2}
 96130 | Tomb:1   | Noticed a royal mummy
 96140 | Tomb:1   | Killed a royal mummy
 96254 | Tomb:1   | Noticed a royal mummy
 96271 | Tomb:1   | Killed a royal mummy
 96440 | Tomb:1   | Noticed a royal mummy
 96456 | Tomb:1   | Killed a royal mummy
 96457 | Tomb:1   | Reached skill level 5 in Staves
 96596 | Tomb:2   | Noticed a royal mummy
 96596 | Tomb:2   | Noticed a royal mummy
 96599 | Tomb:2   | Noticed a royal mummy
 96599 | Tomb:2   | Noticed a royal mummy
 96600 | Tomb:2   | Paralysed by a Zot trap for 3 turns
 96606 | Tomb:2   | Killed a royal mummy
 96607 | Tomb:2   | Killed a royal mummy
 96609 | Tomb:2   | Killed a royal mummy
 96611 | Tomb:2   | Killed a royal mummy
 97061 | Tomb:1   | Noticed a royal mummy
 97061 | Tomb:1   | Noticed a royal mummy
 97061 | Tomb:1   | Noticed a royal mummy
 97061 | Tomb:1   | Noticed a royal mummy
 97069 | Tomb:1   | Noticed a royal mummy
 97069 | Tomb:1   | Killed a royal mummy
 97069 | Tomb:1   | Killed a royal mummy
 97074 | Tomb:1   | Noticed a royal mummy
 97075 | Tomb:1   | Killed a royal mummy
 97076 | Tomb:1   | Killed a royal mummy
 97077 | Tomb:1   | Killed a royal mummy
 97078 | Tomb:1   | Reached skill level 10 in Fire Magic
 97084 | Tomb:1   | Killed a royal mummy
 97225 | Tomb:1   | Noticed a royal mummy
 97238 | Tomb:1   | Killed a royal mummy
 97259 | Tomb:1   | Noticed a royal mummy
 97274 | Tomb:1   | Killed a royal mummy
 97422 | Tomb:1   | Noticed a royal mummy
 97461 | Tomb:1   | Noticed a royal mummy
 97468 | Tomb:1   | Killed a royal mummy
 97469 | Tomb:1   | Killed a royal mummy
 97626 | Tomb:1   | Noticed a royal mummy
 97633 | Tomb:1   | Noticed a royal mummy
 97633 | Tomb:1   | Noticed a royal mummy
 97633 | Tomb:1   | Noticed a royal mummy
 97634 | Tomb:1   | Noticed a royal mummy
 97635 | Tomb:1   | Killed a royal mummy
 97641 | Tomb:1   | Killed a royal mummy
 97641 | Tomb:1   | Killed a royal mummy
 97645 | Tomb:1   | Killed a royal mummy
 97648 | Tomb:1   | Killed a royal mummy
 97977 | Tomb:3   | Entered Level 3 of the Tomb of the Ancients
 97990 | Tomb:3   | Reached skill level 10 in Evocations
 97990 | Tomb:3   | Noticed a royal mummy
 97990 | Tomb:3   | Noticed a royal mummy
 98002 | Tomb:3   | Killed a royal mummy
 98003 | Tomb:3   | Killed a royal mummy
 98005 | Tomb:3   | Noticed a royal mummy
 98012 | Tomb:3   | Noticed a royal mummy
 98013 | Tomb:3   | Killed a royal mummy
 98021 | Tomb:3   | Killed a royal mummy
 98072 | Tomb:3   | Noticed a royal mummy
 98080 | Tomb:3   | Killed a royal mummy
 98080 | Tomb:3   | Noticed a royal mummy
 98088 | Tomb:3   | Killed a royal mummy
 98115 | Tomb:3   | Noticed a royal mummy
 98119 | Tomb:3   | Noticed a royal mummy
 98122 | Tomb:3   | Noticed a royal mummy
 98125 | Tomb:3   | Killed a royal mummy
 98126 | Tomb:3   | Killed a royal mummy
 98131 | Tomb:3   | Killed a royal mummy
 98132 | Tomb:3   | Reached skill level 10 in Staves
 98349 | Tomb:3   | Identified the amulet of Ifunaqon {Reflect *Corrode rPois
                  | Int+5 SH+5 SInv}
 98350 | Tomb:3   | Identified the +12 plate armour "Sudou" {rElec Will- Int-4
                  | Slay+4}
 98351 | Tomb:3   | Identified the ring "Vantycoume" {Int+6 Dex+3}
 98362 | Tomb:3   | Identified the +0 scale mail of Parts Unknown {rElec Int+2}
 98379 | Tomb:3   | Identified the +9 lajatang "Grim Tooth" {venom, Will+ rCorr
                  | Str+3}
 98380 | Tomb:3   | Identified the +2 leather armour of Divine Compulsion
                  | {Stlth+}
 98381 | Tomb:3   | Identified the ring "Mecauhom" {Will+ SInv}
 98801 | Tomb:3   | Got a golden rune of Zot
 99370 | Hell     | Killed Geryon
 99551 | Hell     | Found a gateway to the ashen valley of Gehenna.
 99728 | Hell     | Found a gateway to the freezing wastes of Cocytus.
 99804 | Hell     | Found a gateway to the Iron City of Dis.
 99995 | Hell     | Found a gateway to the decaying netherworld of Tartarus.
100231 | Dis:1    | Entered Level 1 of the Iron City of Dis
100338 | Dis:2    | HP: 10/232 [war gargoyle/+0 dire flail (28)]
100338 | Dis:2    | HP: 1/232 [quicksilver elemental (9)]
100342 | Dis:2    | Reached skill level 15 in Fire Magic
100583 | Geh:1    | Entered Level 1 of Gehenna
100741 | Tar:1    | Entered Level 1 of Tartarus
100969 | Tar:2    | Noticed a juggernaut
100969 | Tar:2    | Noticed a juggernaut
100974 | Tar:2    | Killed a juggernaut
100974 | Tar:2    | Killed a juggernaut
101081 | Coc:1    | Entered Level 1 of Cocytus
102107 | Geh:1    | You are sucked into a shaft and drop 1 floor!
104247 | Geh:7    | Entered Level 7 of Gehenna
104687 | Geh:7    | Noticed an ancient lich
104696 | Geh:7    | Killed an ancient lich
105023 | Geh:7    | Noticed the Serpent of Hell
105392 | Hell     | Lost mutation: Your spells are a little harder to cast, but
                  | a little more powerful. [potion of mutation]
105392 | Hell     | Lost mutation: You occasionally shout uncontrollably at
                  | your foes. [potion of mutation]
105392 | Hell     | Gained mutation: You passively dampen the noise of your
                  | surroundings. [potion of mutation]
105393 | Hell     | Lost mutation: You passively dampen the noise of your
                  | surroundings. [potion of mutation]
105393 | Hell     | Gained mutation: You passively map a small area around you.
                  | [potion of mutation]
105393 | Hell     | Gained mutation: You possess an exceptional clarity of
                  | mind. [potion of mutation]
105478 | Pan      | Entered Pandemonium
105603 | Pan      | Noticed Puirir the pandemonium lord
105609 | Pan      | Killed Puirir the pandemonium lord
106173 | Pan      | Identified the +3 chain mail of the Doldrums {rElec rN+
                  | Slay+2}
107134 | Pan      | Found an exit through the horrors of the Abyss.
107138 | Pan      | Found a runed translucent door.
107158 | Pan      | Found a runed translucent door.
107161 | Pan      | Found a runed translucent door.
107162 | Pan      | Noticed Julanud the pandemonium lord
107186 | Pan      | Killed Julanud the pandemonium lord
107400 | Pan      | Found a runed translucent door.
108219 | Pan      | Found a transporter.
108285 | Pan      | Found a transporter.
108718 | Pan      | Identified the +3 dagger of the Boiling Point {venom, rF+
                  | Will- Int+3}
108720 | Pan      | Identified the ring of Duunuf {rElec AC+4 SInv}
108731 | Pan      | Identified the ring "Qonwith" {Fly Will+++ Str+6 Int-3
                  | Slay-6}
110060 | Pan      | Noticed Axomoruc the pandemonium lord
110076 | Pan      | Killed Axomoruc the pandemonium lord
110613 | Pan      | Entered the realm of Gloorx Vloq.
111165 | Pan      | Identified the +0 robe "Naumodisusch" {Drain rF++}
111227 | Pan      | Reached skill level 15 in Evocations
111385 | Pan      | Noticed Gloorx Vloq
111392 | Pan      | Killed Gloorx Vloq
111466 | Pan      | Got a dark rune of Zot
112326 | Pan      | Noticed Veosot the pandemonium lord
112344 | Pan      | Killed Veosot the pandemonium lord
112911 | Pan      | Entered the realm of Lom Lobon.
113681 | Pan      | Noticed Lom Lobon
113705 | Pan      | Killed Lom Lobon
113925 | Pan      | Got a magical rune of Zot
114304 | Pan      | Noticed Tuacee the pandemonium lord
114317 | Pan      | Killed Tuacee the pandemonium lord
114675 | Pan      | Found an exit through the horrors of the Abyss.
114714 | Pan      | Got a demonic rune of Zot
115008 | Pan      | Entered the realm of Cerebov.
115555 | Pan      | Found an exit through the horrors of the Abyss.
115920 | Pan      | Found the +6 sword of Cerebov {flame}
115920 | Pan      | Noticed Cerebov
116252 | Pan      | Identified the +4 flail "Exellugav" {venom, MP+9 Str+3}
116803 | Pan      | Identified the +0 leather armour "Fooqiore" {rC- rN+ Int+2
                  | Stlth+}
116923 | Pan      | Identified the +7 longbow "Tutym" {venom, rCorr}
117007 | Pan      | Got Sif Muna's Cyclopedia of Beguiling and Firn
117075 | Pan      | Reached skill level 15 in Fighting
117107 | Pan      | Identified the +6 dagger of Discord {flame, Str+3}
117321 | Pan      | Killed Cerebov
117983 | Pan      | Got a fiery rune of Zot
118149 | Pan      | Learned a level 9 spell: Death's Door
118181 | Pan      | Entered the realm of Mnoleg.
118547 | Pan      | Noticed Mnoleg
118938 | Pan      | Killed Mnoleg
118964 | Pan      | Reached skill level 15 in Dodging
119309 | Pan      | Got a glowing rune of Zot
119660 | Pan      | Noticed Zazoqufiaph the pandemonium lord
119671 | Pan      | Killed Zazoqufiaph the pandemonium lord
120512 | Pan      | Found an exit through the horrors of the Abyss.
122272 | Pan      | Found a runed translucent door.
122580 | Depths:2 | Escaped Pandemonium
123302 | Pan      | Entered Pandemonium
123302 | Pan      | Found an opulent altar of Gozag.
123302 | Pan      | Found Pubatt's Quality Elixirs.
123316 | Pan      | Found an opulent altar of Gozag.
123347 | Pan      | Bought a potion of magic for 120 gold pieces
123347 | Pan      | Bought a potion of haste for 150 gold pieces
123347 | Pan      | Bought a potion of mutation for 120 gold pieces
123354 | Pan      | Found Pubatt's Infernal Boutique.
123356 | Pan      | Noticed a dread lich
123374 | Pan      | Noticed a dread lich
123386 | Pan      | Found Pubatt's Jewellery Shop.
123392 | Pan      | Noticed Pubatt the pandemonium lord
123402 | Pan      | Killed a dread lich
123447 | Pan      | Gained mutation: You expend magic power (3 MP) to
                  | strengthen your wands. [mutagenic glow]
124313 | Pan      | Gained mutation: You are clumsy. (Dex -2) [mutagenic glow]
124461 | Pan      | Gained mutation: Your spells are a little easier to cast,
                  | but a little less powerful. [a cacodemon]
124492 | Depths:2 | Escaped Pandemonium
124697 | D:14     | Bought a +6 ring of intelligence for 540 gold pieces
124881 | Pan      | Entered Pandemonium
124881 | Pan      | Found an exit through the horrors of the Abyss.
124936 | Pan      | Noticed Uxkapoj the pandemonium lord
124953 | Pan      | Killed Uxkapoj the pandemonium lord
126045 | Pan      | Lost intelligence.
126050 | Pan      | Lost strength.
127179 | Pan      | Took an exit into the Abyss.
127179 | Abyss:3  | Escaped into the Abyss
127196 | Abyss:3  | Found a corrupted altar of Lugonu.
127543 | Abyss:3  | Lost strength.
127546 | Abyss:3  | Killed an ancient lich
127611 | Abyss:3  | Noticed a dread lich
127721 | Abyss:3  | Lost strength.
127745 | Abyss:3  | Gained mutation: Your body sometimes deteriorates upon
                  | taking damage. [mutagenic glow]
127770 | Abyss:3  | Gained mutation: Your magical capacity is low. (-10% MP)
                  | [mutagenic glow]
127782 | Abyss:3  | Gained mutation: Your body often deteriorates upon taking
                  | damage. [mutagenic glow]
127824 | Abyss:3  | Gained mutation: Your spells are easier to cast, but less
                  | powerful. [mutagenic glow]
127841 | Abyss:3  | Gained mutation: You have large cloven feet. [mutagenic
                  | glow]
128091 | Abyss:3  | Lost strength.
128129 | Depths:2 | Escaped the Abyss
128165 | Depths:2 | Lost mutation: You passively map a small area around you.
                  | [potion of mutation]
128165 | Depths:2 | Lost mutation: You are very clumsy. (Dex -4) [potion of
                  | mutation]
128165 | Depths:2 | Gained mutation: You are strong-willed. (Will+) [potion of
                  | mutation]
128166 | Depths:2 | Lost mutation: You are strong-willed. (Will+) [potion of
                  | mutation]
128166 | Depths:2 | Lost mutation: Your body often deteriorates upon taking
                  | damage. [potion of mutation]
128166 | Depths:2 | Lost mutation: Your spells are easier to cast, but less
                  | powerful. [potion of mutation]
128166 | Depths:2 | Lost intelligence.
128166 | Depths:2 | Gained mutation: You have a pair of small antennae on your
                  | head. [potion of mutation]
128166 | Depths:2 | Gained mutation: You are agile. (Dex +4, Str/Int -1)
                  | [potion of mutation]
128170 | Depths:2 | Lost mutation: Your magical capacity is extremely low.
                  | (-30% MP) [potion of mutation]
128170 | Depths:2 | Lost mutation: You are agile. (Dex +4, Str/Int -1) [potion
                  | of mutation]
128170 | Depths:2 | Lost mutation: Your body sometimes deteriorates upon taking
                  | damage. [potion of mutation]
128170 | Depths:2 | Gained mutation: Your muscles are strong. (Str +4, Int/Dex
                  | -1) [potion of mutation]
128906 | Depths:3 | Found a one-way gateway to a ziggurat.
129045 | Zig:1    | Entered Level 1 of a ziggurat
129253 | Zig:2    | Entered Level 2 of a ziggurat
129469 | Zig:3    | Entered Level 3 of a ziggurat
129469 | Zig:3    | Found the +9 staff of Olgreb {rPois∞}
129970 | Zig:4    | Entered Level 4 of a ziggurat
130011 | Zig:4    | Identified the amulet of Sodeap {Spirit rN+ Int+5 Dex-5}
130359 | Zig:5    | Entered Level 5 of a ziggurat
130364 | Zig:5    | Lost intelligence.
130372 | Zig:5    | Paralysed by accursed screaming for 2 turns
130388 | Zig:5    | Paralysed by accursed screaming for 1 turns
130408 | Zig:5    | Identified the +6 broad axe "Uvouplag" {freeze, Str+4}
130788 | Depths:3 | Voluntarily entered the Abyss.
130850 | Depths:3 | Escaped the Abyss
130993 | Depths:3 | Voluntarily entered the Abyss.
131040 | Depths:3 | Escaped the Abyss
131244 | Depths:2 | Lost strength.
131599 | Vaults:1 | Bought a wand of mindburst (4) for 56 gold pieces
131599 | Vaults:1 | Bought 3 silver javelins for 72 gold pieces
131747 | D:12     | Bought a wand of iceblast (5) for 420 gold pieces
134326 | Depths:4 | Voluntarily entered the Abyss.
134391 | Abyss:3  | Lost strength.
134443 | Abyss:4  | HP: 9/264 [tentacled starspawn (33)]
134443 | Abyss:4  | Slain by a tentacled starspawn

Illustrated notes

Levels and vault maps discovered:
D:1:      nzn_arrival_crosshair, layout_basic,
          shapermc_ecumenical_altar_rom_forum
D:2:      layout_loops_corners
D:3:      layout_rooms, gammafunk_ghost_necromancy, serial_co_window_serial,
          co_window_of_opportunity_a, co_window_of_opportunity_a,
          co_window_of_opportunity_a, co_window_cross_1, co_window_corner_a,
          co_window_corner_a, co_window_corner_a, co_window_corner_cb,
          co_window_cross_2, co_window_corner_cb, co_window_paths_d,
          glass_columns_a, glass_columns_b, nrook_campfire, grunt_ministairs_14,
          uniq_jessica, uniq_ijyb
D:4:      layout_loops_ring, mainiacjoe_overflow_alcove_1,
          kennysheep_generic_room_14
D:5:      layout_basic, regret_index_temple_of_mockery
D:6:      layout_rooms, minmay_temple_entry_junction
D:7:      layout_cave_pools, mainiacjoe_overflow_paths, enter_bailey_5,
          the_hattery, uniq_joseph
D:8:      layout_loops_ring
D:9:      kennysheep_spiral_hall, layout_irregular_city, lemuel_tele_altar,
          grunt_lair_entry_orc_guard_hut, hiddenorc2_lemuel, serial_shops,
          nicolae_shop_advertising_works [nicolae_subvault_shop_adworks]
D:10:     layout_loops_ring, mainiacjoe_overflow_alcove_2
D:11:     layout_irregular_city, portal_ice_cave_demonic_guard, enter_trove_6
D:12:     layout_loops_cross, serial_shops, nicolae_shop_waterfront,
          small_statue_intersection, minmay_shop_grid_forest
D:13:     layout_loops_ring, minivault_27
D:14:     layout_basic, erik_vaults_1, serial_shops, nicolae_diamond_shop,
          minmay_misc_feat_tiny, uniq_josephine
D:15:     gammafunk_depths_entry_grave, layout_long_grid, special_room
          [special_room_orc], chequers_avenue
Temple:   eino_temple_rhombus
Lair:1:   layout_layer_cave, grunt_megastairs_2, serial_bayou_shore_a
Lair:2:   layout_roguey, minmay_swamp_entry_reptiles, minmay_shattered_shrine
Lair:3:   layout_concentric_octagons, hellmonk_spider_entry_not_the_bees,
          infiniplex_staircase_pool, lemuel_fruit_tree
Lair:4:   layout_roguey, slime_entry_1, worms_lemuel,
          infiniplex_staircase_pool_2, grunt_megastairs_4
Lair:5:   gammafunk_lair_ancient_temple, layout_loops_ring
Swamp:1:  layout_basic_swamp, serial_swamp_ruin, evilmike_swamp_ruin_house_5,
          evilmike_swamp_ruin_house_1, swamp_pool1,
          nicolae_swamp_super_fun_site, uniq_aizul
Swamp:2:  layout_basic_swamp, basic_altar, cheibrodos_swamp_minitomb
Swamp:3:  nicolae_swamp_tree_isthmus, layout_basic_swamp,
          nicolae_swamp_dense_foliage, nzn_swamp_stair_ambush, uniq_louise,
          uniq_jorgrun, uniq_bai_suzhen, uniq_mlioglotl
Swamp:4:  swamp_basic_johnstein, layout_basic_swamp
Spider:1: layout_spider_delve, ebering_ghost_xom
Spider:2: layout_spider_delve, nicolae_crawler_farm
Spider:3: layout_chambers, uniq_arachne
Spider:4: floodkiller_spider_rune_tomb, ebering_ghost_rock_garden
Slime:1:  layout_caves
Slime:2:  layout_caves, basic_altar
Slime:3:  layout_caves, nicolae_slime_welcoming_committee
Slime:4:  layout_caves
Slime:5
Orc:1:    layout_caves, serial_shops, shop, shop, uniq_maurice
Orc:2:    st_orc_rangers, layout_diamond_mine, serial_shops, shop
Elf:1:    layout_geoelf_grid, serial_shops, nicolae_shop_hallway_plus,
          minmay_elf_annihilation, nicolae_shop_sticking_my_neck_out,
          minmay_shop_star, grunt_megastairs_3, uniq_frances
Elf:2:    elven_hall_of_blades_hangedman_original
          [nicolae_blade_entry_crossed_weapons], layout_gridlike, uniq_agnes,
          uniq_azrael
Elf:3:    elf_hall, layout_geoelf_grid,
          ploomutoo_gammafunk_ghost_potion_laboratory, corner_web_ring,
          abandoned_shop
Vaults:1: v_pattern_4, vaults_room_grunt_arrival_ludios, vaults_room_corners,
          nicolae_vaults_angled_halls, vaults_dpeg_emergency_exit, v_misc_23,
          nicolae_vaults_alarming, layout_vaults_omnigrid, serial_shops, shop
Vaults:2: v_rooms_6, minmay_crypt_entry_skeletal_spiral, v_pattern_3,
          gammafunk_the_bubble [the_bubble_gammafunk_plus_minus],
          vaults_dpeg_encased_lava, nicolae_vaults_little_ls,
          ontoclasm_vaults_gateway, v_misc_12, nicolae_vaults_sealed_display,
          vaults_dpeg_diagonal, hangedman_vaults_trim,
          vaults_room_stairs_pillars, v_misc_24, layout_vaults_omnicross
Vaults:3: mu_enter_wizlab_6, hangedman_vaults_maws,
          nicolae_vaults_little_squares_3, v_alt_pattern_6,
          grunt_vaults_hallway_long, vaults_room_fours, v_alt_pattern_5,
          ontoclasm_vaults_chip, v_misc_1, ontoclasm_vaults_idyll,
          vaults_room_stairs_pillars, nicolae_vaults_little_squares_6,
          layout_vaults_big_room, serial_shops, nicolae_shop_crystal,
          uniq_sojobo, uniq_mennas, uniq_margery
Vaults:4: v_misc_3, v_alt_pattern_4, nicolae_vaults_specimen_jars, v_misc_17,
          grunt_vaults_hallway_short, vaults_dpeg_spiral,
          hangedman_vaults_locks, v_pattern_5, vaults_room_guarded_vault,
          vaults_room_pool, vaults_room_corners, ontoclasm_vaults_shuriken,
          layout_vaults_ring, serial_shops, nicolae_square_shop
Vaults:5
Crypt:1:  lemuel_vampire_tower, layout_gridlike
Crypt:2:  layout_gridlike, corexii_hall_statues_s, st_vampire_maze
Crypt:3:  david_glass_crypt, layout_gridlike,
          nicolae_tomb_entry_unfolded_pyramid_diagonal,
          corexii_leaking_fountain, minmay_strange_pillars, uniq_saint_roka
Tomb:1
Tomb:2
Tomb:3
Depths:1: layout_roguey, hell_entry, nzn_wu_jian_contemplation,
          minmay_misc_feat_five, minmay_misc_feat_four_crosses, minmay_holes,
          kennysheep_decorative_pillar, grunt_decor_fettered,
          minmay_misc_feat_encased, chequers_jeans, kennysheep_minor_cross,
          nicolae_shop_dragon_depot, kennysheep_nondescript, uniq_mara
Depths:2: minmay_swirls_squares, layout_honeycomb, lightli_too_deep, pan_entry,
          uniq_vv, uniq_josephina
Depths:3: minmay_chopped_fan, layout_basic, enter_ziggurat_e, hell_entry,
          abyss_entry, nicolae_titane, minmay_staircase_windowed_small
Depths:4: grunt_zot_entry_funnels, layout_small_grid,
          nicolae_abyss_entry_one_way_or_another, minmay_stone_trees_small,
          hell_entry
Hell
Dis:1:    layout_gridville
Dis:2:    layout_gridville
Geh:1:    layout_gehenna_pools_box
Geh:2:    layout_gehenna_pools_box, nicolae_geh_lava_shack
Geh:3:    layout_gehenna_pools_basic
Geh:4:    layout_gehenna_pools_triple
Geh:5:    layout_gehenna_lava_caves, nicolae_geh_lava_rosette
Geh:6:    layout_gehenna_lava_caves
Geh:7:    geh_old
Coc:1:    layout_ice_bergs
Coc:2:    layout_cocytus_water_paths
Coc:3:    layout_ice_bergs
Tar:1:    layout_cathedral_of_symmetry
Tar:2:    nicolae_hells_titanomachy
Abyss:4:  base: Geh:3, base: D:8, evilmike_abyss_exit_14, patterned_corridor

Skill      XL: |  1  2  3  4  5  6  7  8  9 10 11 12 13 14 15 16 17 18 19 20 21 22 23 24 25 26 27 |
---------------+----------------------------------------------------------------------------------+-----
Stealth        | 2 3 4 5 |  5.0
Dodging        | 2 3 4 5 6 7 8 9 10 11 12 17 | 17.4
Ice Magic      | 4 5 6 7 8 9 10 11 13 14 15 16 19 20 21 22 | 22.1
Spellcasting   | 3 4 5 6 7 9 10 11 12 13 15 17 19 20 21 22 | 22.0
Fighting       | 1 2 3 4 5 6 8 9 10 11 12 13 18 | 18.4
Conjurations   | 2 4 6 7 9 10 12 13 14 15 22 | 22.0
Shields        | 1 4 7 10 11 12 | 12.6
Earth Magic    | 6 9 11 13 14 16 | 16.0
Throwing       | 3 4 |  4.0
Evocations     | 3 4 6 18 | 18.6
Necromancy     | 1 8 13 15 | 15.0
Transmutations | 1 7 11 14 15 | 15.0
Fire Magic     | 6 22 | 22.0
Staves         | 3 12 | 12.0

Action                   |  1- 3 |  4- 6 |  7- 9 | 10-12 | 13-15 | 16-18 | 19-21 | 22-24 | 25-27 || total
-------------------------+-------+-------+-------+-------+-------+-------+-------+-------+-------++-------
Melee: Short sword       |    52 |    66 |     1 |       |       |    47 |       |       |    60 ||   226
       Unarmed           |     4 |       |       |       |       |       |       |       |    17 ||    21
       Punch             |     1 |     2 |     2 |     3 |     6 |       |       |     3 |    27 ||    44
       Falchion          |       |       |    99 |   180 |       |       |       |       |   120 ||   399
       Staff             |       |       |       |       |   176 |     3 |    49 |   403 |  2708 ||  3339
       Rapier            |       |       |       |       |    72 |       |       |       |       ||    72
Throw: Javelin           |       |       |       |       |       |       |       |       |     1 ||     1
 Cast: Freeze            |    35 |   109 |    23 |    36 |     9 |       |       |       |       ||   212
       Frozen Ramparts   |     1 |     4 |    14 |    39 |    23 |     2 |       |       |       ||    83
       Ozocubu's Armour  |       |       |     6 |    27 |    28 |     6 |    23 |    31 |   102 ||   223
       Hailstorm         |       |       |    10 |    47 |    54 |     8 |    11 |       |       ||   130
       Freezing Cloud    |       |       |       |     7 |   109 |     5 |     2 |       |       ||   123
       Ozocubu's Refrige |       |       |       |       |   149 |   430 |   281 |   128 |   151 ||  1139
       Orb of Destructio |       |       |       |       |    62 |   200 |   228 |   124 |   109 ||   723
       Polar Vortex      |       |       |       |       |       |       |    36 |   156 |   418 ||   610
       Lehudib's Crystal |       |       |       |       |       |       |     1 |    74 |    96 ||   171
       Necromutation     |       |       |       |       |       |       |       |     8 |   452 ||   460
       Ignition          |       |       |       |       |       |       |       |       |    71 ||    71
       Fire Storm        |       |       |       |       |       |       |       |       |    50 ||    50
Invok: Lesser Servant of |       |       |       |       |       |       |       |       |     2 ||     2
 Abil: End Transformatio |       |       |       |       |       |       |       |       |     5 ||     5
       Evoke Blink       |       |       |       |       |       |       |       |       |     8 ||     8
Evoke: Wand              |       |       |     4 |     3 |     2 |    22 |     2 |    24 |    49 ||   106
       Lightning rod     |       |       |       |       |     4 |     2 |     3 |    10 |    23 ||    42
       Phantom mirror    |       |       |       |       |     1 |       |     1 |     2 |     6 ||    10
       Phial of floods   |       |       |       |       |       |       |     1 |     3 |     4 ||     8
       Box of beasts     |       |       |       |       |       |       |       |       |     9 ||     9
       Horn of Geryon    |       |       |       |       |       |       |       |       |     6 ||     6
       Condenser vane    |       |       |       |       |       |       |       |       |     5 ||     5
       Figurine of a zig |       |       |       |       |       |       |       |       |     1 ||     1
  Use: Scroll            |       |     8 |     7 |     9 |    10 |    10 |     8 |    11 |    36 ||    99
       Potion            |       |     2 |       |     3 |       |     4 |    10 |    31 |    68 ||   118
 Stab: Sleeping          |     4 |    15 |     6 |     9 |     2 |     1 |     1 |     2 |     4 ||    44
       Distracted        |       |     2 |       |     2 |     1 |       |       |     5 |    16 ||    26
       Paralysed         |       |       |     7 |       |       |       |       |       |       ||     7
       Confused          |       |       |       |     1 |       |       |       |       |       ||     1
Armor: Robe              |    35 |    57 |    43 |       |       |       |       |       |       ||   135
       Leather armour    |       |       |       |   102 |    86 |    77 |    66 |   201 |    87 ||   619
       Skin              |       |       |       |       |       |       |    19 |    92 |    63 ||   174
       Animal skin       |       |       |       |       |       |       |       |       |  1209 ||  1209
Dodge: Dodged            |    69 |   130 |   122 |   202 |   450 |   228 |   161 |   559 |  3445 ||  5366
       Repelled          |       |       |     2 |     6 |     7 |     2 |     3 |       |    42 ||    62
Block: Buckler           |       |       |       |       |       |    78 |    67 |       |       ||   145
       Kite shield       |       |       |       |       |       |       |    79 |   582 |       ||   661
       Reflection        |       |       |       |       |       |       |     6 |     9 |     1 ||    16
       Other             |       |       |       |       |       |       |       |       |    66 ||    66
